 Dungeon Crawl Stone Soup version 0.23.2-1-ga50397a6bc (webtiles) character file.

Game seed: 9550790924833781093

161 PentaManta the Cutter (level 5, 0/30 HPs)
             Began as a Kobold Hunter on May 31, 2019.
             Succumbed to an adder's poison
             ... on level 3 of the Dungeon.
             The game lasted 00:02:56 (1003 turns).

PentaManta the Cutter (Kobold Hunter)               Turns: 1003, Time: 00:02:56

Health: 0/30       AC:  3    Str:  7 (9)  XL:     5   Next: 70%
Magic:  5/5        EV: 15    Int: 11 (12) God:
Gold:   51         SH:  0    Dex: 14 (17) Spells: 4/4 levels left

rFire    . . .     SeeInvis .   b - +0 short sword
rCold    . . .     Gourm    .   (shield restricted)
rNeg     . . .     Faith    .   c - +0 leather armour
rPois    .         Spirit   .   (no helmet)
rElec    .         Reflect  .   (no cloak)
rCorr    .         Harm     .   (no gloves)
MR       .....                  (no boots)
Stlth    ++........             (no amulet)
HPRegen  0.10/turn              (no ring)
MPRegen  0.09/turn              (no ring)

@: lethally poisoned (0 -> -4)
A: small, carnivore
a: no special abilities


You were on level 3 of the Dungeon.
You were not hungry.

You visited 1 branch of the dungeon, and saw 3 of its levels.

You collected 51 gold pieces.

Inventory:

Hand Weapons
 a - a +1 hand crossbow
 b - a +0 short sword (weapon)
 h - a +0 dagger
Missiles
 d - 15 bolts
Armour
 c - a +0 leather armour (worn)
Wands
 n - a wand of acid (6)
Scrolls
 e - 2 scrolls of teleportation {unknown}
 g - a scroll of blinking {unknown}
 i - 2 scrolls of amnesia {unknown}
 j - 2 scrolls of identify {unknown}
 k - 3 scrolls of fear {unknown}
 l - a scroll of magic mapping {unknown}
Potions
 m - a potion of degeneration
Comestibles
 f - 5 rations


   Skills:
 - Level 2.1 Fighting
 + Level 6.2 Short Blades
 - Level 4.8 Crossbows
 * Level 3.0 Dodging
 - Level 1.3 Stealth


You had 4 spell levels left.
You didn't know any spells.
Your spell library was empty.

Dungeon Overview and Level Annotations

Branches:
Dungeon (3/15)

Altars:


Innate Abilities, Weirdness & Mutations

You are small and have problems with some larger weapons.
You are carnivorous and can eat meat at any time.


Message History

The bolt of acid hits the adder!
The adder is splashed with acid.
You kill the adder!
Your Dodging skill increases to level 3!
* * * LOW HITPOINT WARNING * * *
You feel sick. The bat misses you. The bat closely misses you.
You hit the bat.
You kill the bat!
* * * LOW HITPOINT WARNING * * *
You feel sick.
There is a stone staircase leading down here.
You can't go up here!
Unknown command.
* * * LOW HITPOINT WARNING * * *
You feel sick.
You climb downwards.
There is a stone staircase leading up here.
Okay, then.
Okay, then.
You die...

### #..
#.# #.#
#.# #.#
#.#
##.####<#
.......@#
##.######


There were no monsters in sight!

Vanquished Creatures
  A phantom (D:1)
  2 adders (D:2)
  2 oozes (D:1)
  A worm (D:1)
  A leopard gecko (D:2)
  3 bats (D:2)
  2 giant cockroaches
  4 goblins
  7 hobgoblins (D:1)
  4 jackals (D:1)
  2 ball pythons (D:1)
  A frilled lizard (D:1)
  3 kobolds (D:1)
  3 rats (D:1)
36 creatures vanquished.

Notes
Turn   | Place    | Note
-------+----------+-------------------------------------------
     0 | D:1      | PentaManta the Kobold Hunter began the quest for the Orb.
     0 | D:1      | Reached XP level 1. HP: 12/12 MP: 1/1
     8 | D:1      | Reached skill level 1 in Short Blades
    36 | D:1      | Reached skill level 2 in Short Blades
    36 | D:1      | Reached XP level 2. HP: 17/17 MP: 2/2
   111 | D:1      | Reached skill level 3 in Short Blades
   246 | D:1      | Reached XP level 3. HP: 21/21 MP: 3/3
   565 | D:2      | Noticed a phantom
   580 | D:1      | Killed a phantom
   580 | D:1      | Reached skill level 6 in Short Blades
   580 | D:1      | Reached XP level 4. HP: 10/26 MP: 4/4
   580 | D:1      | Reached XP level 5. HP: 12/30 MP: 5/5
  1001 | D:2      | HP: 1/30 [poisoned by an adder]
  1003 | D:3      | Succumbed to an adder's poison

Skill      XL: |  1  2  3  4  5 |
---------------+----------------+-----
Short Blades   | 2 3 6 |  6.2
Dodging        | 3 |  3.0
Fighting       | |  2.1
Crossbows      | |  4.8
Stealth        | |  1.3

Action                   |  1- 3 |  4- 6 || total
-------------------------+-------+-------++-------
Melee: Short sword       |       |    45 ||    45
 Fire: Hand crossbow     |    53 |       ||    53
Evoke: Wand              |       |     2 ||     2
  Use: Potion            |       |     1 ||     1
Armor: Leather armour    |     7 |    14 ||    21
Dodge: Dodged            |    15 |    43 ||    58
